 Dungeon Crawl Stone Soup version 0.31-a0-1059-g83d41fd8b6 (webtiles) character file.

Game seed: 6375852531562312529

1022 night the Trooper (level 8, 0/66 HPs)
             Began as a Djinni Venom Mage on Nov 20, 2023.
             Was a Priest of Ashenzari.
             Slain by a sleepcap (3 damage)
             ... on level 5 of the Dungeon on Nov 21, 2023.
             The game lasted 00:16:05 (5346 turns).

night the Trooper (Djinni Venom Mage)               Turns: 5346, Time: 00:16:05

Health: 0/66       AC:  5    Str:  7    XL:     8   Next: 46%
Gold:   225        EV: 13    Int: 25    God:    Ashenzari [***...] SH:  0 Dex: 14

rFire   + + .        i - +1 spear of the Ruined Dismay {venom, Elem, Melee} (curse)
rCold   . . .        (no shield)
rNeg    . . .        a - +1 robe
rPois   ∞            t - +0 helmet of Ashenzari's Altruism {Range, Self} (curse)
rElec   .            w - +0 cloak
rCorr   .            (no gloves)
SInv    +            (boots unavailable)
Will    .....        (no amulet)
Stlth   ++           j - ring of Ashenzari's Orthodoxy {Int+6, Cun, Bglg} (curse)
HPRegen 0.31/turn    l - ring "Prophetic Negligence" {rC+, Alch, Self} (curse)
MPRegen 0.00/turn

%: clarity, infuse magic (-1 HP)
@: flying
A: sickness immunity, fire resistance 2, cold vulnerability 1, float, innate
caster, HP casting, extra vitality 1
a: Renounce Religion, Shatter the Chains


You were on level 5 of the Dungeon.
You worshipped Ashenzari.
Ashenzari was most pleased with you.
You visited 1 branch of the dungeon, and saw 5 of its levels.

You collected 225 gold pieces.

Inventory:

Hand Weapons
 g - a +0 dagger
 i - the cursed +1 spear of the Ruined Dismay (weapon) {venom, Elem, Melee}
   (You took it off a gnoll on level 3 of the Dungeon)

   It has a curse which improves the following skills: Elements: Fire Magic, Ice
   Magic, Air Magic and Earth Magic.
   Melee Combat: Short Blades, Long Blades, Axes, Maces & Flails, Polearms,
   Staves and Unarmed Combat.
 s - a +1 trident of freezing
Missiles
 b - 50 stones
 f - 5 poisoned darts
 m - 6 boomerangs
Armour
 a - a +1 robe (worn)
 t - the cursed +0 helmet of Ashenzari's Altruism (worn) {Range, Self}
   (You took it off Robin on level 4 of the Dungeon)

   It has a curse which improves the following skills: Ranged Combat: Ranged
   Weapons and Throwing.
   Introspection: Fighting and Spellcasting.
 w - a +0 cloak (worn)
Jewellery
 j - the cursed ring of Ashenzari's Orthodoxy (left hand) {Int+6, Cun, Bglg}
   (You took it off a goblin on level 3 of the Dungeon)

   [ring of intelligence]

   Int+6:     It affects your intelligence (+6).
   It has a curse which improves the following skills: Cunning: Dodging and
   Stealth.
   Beguiling: Conjurations, Hexes and Translocations.
 l - the cursed ring "Prophetic Negligence" (right hand) {rC+, Alch, Self}
   (You found it on level 3 of the Dungeon)

   [ring of protection from cold]

   rC+:       It protects you from cold.
   It has a curse which improves the following skills: Alchemy: Poison Magic and
   Transmutations.
   Introspection: Fighting and Spellcasting.
Scrolls
 c - 4 scrolls of teleportation
 h - a scroll of blinking
 k - a scroll of brand weapon
 n - a scroll of poison
 o - a scroll of amnesia
 q - a scroll of torment
 v - a scroll of revelation
Potions
 d - a potion of attraction
 e - a potion of enlightenment
 p - a potion of might
 r - a potion of brilliance
 u - a potion of lignification


   Skills:
 + Level 6.4(8.7) Fighting
 - Level 2.1(3.3) Dodging
 - Level 1.5(2.6) Stealth
 + Level 5.7(7.9) Spellcasting
 + Level 5.7(7.2) Conjurations
 + Level 5.7(7.2) Hexes
 + Level 5.7 Summonings
 + Level 5.7 Necromancy
 + Level 5.7(7.2) Translocations
 + Level 5.7(7.2) Transmutations
 + Level 5.7(7.2) Fire Magic
 + Level 5.7(7.2) Ice Magic
 + Level 5.7(7.2) Air Magic
 + Level 5.7(7.2) Earth Magic
 + Level 5.7(7.2) Poison Magic


You knew the following spells:

 Your Spells              Type           Power      Damage    Failure   Level
a - Sting                 Tmut/Pois      100%       1d8       1%          1
b - Poisonous Vapours     Pois/Air       92%        N/A       1%          2
c - Mephitic Cloud        Conj/Pois/Air  46%        N/A       1%          3
d - Olgreb's Toxic Radia  Pois           46%        N/A       3%          4
e - Sandblast             Erth           92%        2d19      1%          1
f - Lesser Beckoning      Tloc           92%        N/A       1%          2
g - Hailstorm             Conj/Ice       46%        3d11      1%          3
Your spell library was empty.

Dungeon Overview and Level Annotations

Branches:
Dungeon (5/15)
 Temple: D:4-7

Altars:
Ashenzari
Makhleb
Nemelex Xobeh

Shops:
D:3 (

Annotations:
D:4 exclusion: door


Innate Abilities, Weirdness & Mutations

You are immune to sickness and miasma.
You are immune to poison.
Your flesh is very heat resistant. (rF++)
You are vulnerable to cold. (rC-)
You float through the air rather than walking.
You learn spells naturally, not from books.
Your magical power is your life essence.
You have superior vitality. (+4 MHP)


Message History

Casting: Olgreb's Toxic Radiance (dangerous; 3% risk of failure)
Confirm with . or Enter, or press ? or * to list all spells.
Aiming: Sting (safe; 1% risk of failure)
Press: ? - help, Shift-Dir - straight line, f/p - sleepcap
Aim: a sleepcap (moderately damaged, extremely poisoned, 100% to hit)
The sting hits the sleepcap but does no damage.
The sleepcap looks as sick as possible!
The sleepcap is moderately damaged.
* * * LOW HITPOINT WARNING * * *
You kill the ufetubus!
The sleepcap closely misses you.
Casting: Sting (safe; 1% risk of failure)
Confirm with . or Enter, or press ? or * to list all spells.
Aiming: Sting (safe; 1% risk of failure)
Press: ? - help, Shift-Dir - straight line, f/p - sleepcap
Aim: a sleepcap (moderately damaged, extremely poisoned, 100% to hit)
The sting hits the sleepcap but does no damage.
The sleepcap looks as sick as possible!
The sleepcap is moderately damaged.
* * * LOW HITPOINT WARNING * * *
The sleepcap releases spores at you but does no damage.
You hit the sleepcap but do no damage.
The sleepcap is moderately damaged.
The sleepcap releases spores at you.
* * * LOW HITPOINT WARNING * * *
The sleepcap closely misses you.
You hit the sleepcap but do no damage.
The sleepcap looks as sick as possible!
The sleepcap is heavily damaged.
The sleepcap barely misses you.
You hit the sleepcap.
The sleepcap is severely damaged.
The sleepcap releases spores at you but does no damage.
You hit the sleepcap but do no damage.
The sleepcap is severely damaged.
The sleepcap releases spores at you.
* * * LOW HITPOINT WARNING * * *
You hit the sleepcap but do no damage.
The sleepcap is severely damaged.
The sleepcap releases spores at you.
You die...

...... #.........###
.).... #.........+
......###.........#
.......#.........##
...#.........#
#.#.........#
#...........#
###..#.###### #..#@#
#..#f## ######....)#
...........##
............########
..........#.........
...........#..).....
....................
###.......#.........


You could see a sleepcap (extremely poisoned).

Vanquished Creatures
  Eustachio (D:5)
  A water moccasin (D:5)
  A black bear (D:4)
  An ogre (D:5)
  A scorpion (D:5)
  2 hounds (D:5)
  2 jellies
  2 orc priests (D:4)
  A gnoll bouda (D:3)
  3 iguanas
  A sleepcap (D:5)
  Robin (D:4)
  6 gnolls
  3 adders
  4 ufetubi
  A worm (D:2)
  2 dart slugs
  19 orcs
  8 ball pythons
  4 endoplasms
  A giant cockroach (D:2)
  18 goblins
  5 hobgoblins
  4 jackals
  4 quokkas
  6 bats
  6 frilled lizards
  7 kobolds
  7 rats
122 creatures vanquished.

Notes
Turn   | Place    | Note
-------+----------+-------------------------------------------
     0 | D:1      | night the Djinni Venom Mage began the quest for the Orb.
     0 | D:1      | night set off with the following spells memorised: Sting,
                  | Poisonous Vapours, Mephitic Cloud, Olgreb's Toxic Radiance.
     0 | D:1      | Reached XP level 1. HP: 15/15 MP: 0/0
   188 | D:1      | Reached XP level 2. HP: 22/22 MP: 0/0
   229 | D:1      | Reached skill level 1 in Fighting
   505 | D:1      | Reached XP level 3. HP: 25/27 MP: 0/0
   505 | D:1      | Learned a level 1 spell: Sandblast
  1219 | D:2      | Reached skill level 2 in Fighting
  1286 | D:2      | Reached XP level 4. HP: 8/33 MP: 0/0
  1673 | D:2      | Found a faded altar of an unknown god.
  1680 | D:2      | Prayed at the altar of an unknown god.
  1680 | D:2      | Became a worshipper of Ashenzari the Shackled
  2548 | D:2      | Reached XP level 5. HP: 15/40 MP: 0/0
  2548 | D:2      | Learned a level 2 spell: Lesser Beckoning
  2692 | D:3      | Reached skill level 3 in Fighting
  3065 | D:3      | Identified the +6 hand axe of the Uplifting Gods {flame,
                  | rCorr Int+2}
  3220 | D:3      | Found Oblieh's Antique Weapon Boutique.
  3224 | D:3      | Found a burning altar of Makhleb.
  3522 | D:3      | Reached * piety under Ashenzari
  3579 | D:4      | Reached XP level 6. HP: 37/46 MP: 0/0
  3664 | D:4      | Reached skill level 4 in Fighting
  4001 | D:4      | HP: 6/47 [acid (7)]
  4006 | D:4      | Noticed a black bear
  4193 | D:4      | Reached ** piety under Ashenzari
  4233 | D:4      | Noticed Robin
  4240 | D:4      | HP: 7/49 [Robin/+1 trident of freezing (1)]
  4243 | D:4      | Killed Robin
  4759 | D:4      | Killed a black bear
  4760 | D:4      | Reached XP level 7. HP: 41/55 MP: 0/0
  4760 | D:4      | Learned a level 3 spell: Hailstorm
  4852 | D:4      | Found a sparkling altar of Nemelex Xobeh.
  4861 | D:4      | Upgraded the game from 0.31-a0-1042-ga9834b393d to
                  | 0.31-a0-1059-g83d41fd8b6
  4892 | D:5      | Entered Level 5 of the Dungeon
  4928 | D:5      | Noticed Eustachio
  4941 | D:5      | Killed Eustachio
  4942 | D:5      | Reached skill level 5 in Fighting
  4942 | D:5      | Reached skill level 5 in Spellcasting
  4942 | D:5      | Reached skill level 5 in Conjurations
  4942 | D:5      | Reached skill level 5 in Hexes
  4942 | D:5      | Reached skill level 5 in Summonings
  4942 | D:5      | Reached skill level 5 in Necromancy
  4942 | D:5      | Reached skill level 5 in Translocations
  4942 | D:5      | Reached skill level 5 in Transmutations
  4942 | D:5      | Reached skill level 5 in Fire Magic
  4942 | D:5      | Reached skill level 5 in Ice Magic
  4942 | D:5      | Reached skill level 5 in Air Magic
  4942 | D:5      | Reached skill level 5 in Earth Magic
  4942 | D:5      | Reached skill level 5 in Poison Magic
  5153 | D:5      | Reached XP level 8. HP: 54/62 MP: 0/0
  5211 | D:5      | Reached *** piety under Ashenzari
  5324 | D:5      | Reached skill level 6 in Fighting
  5342 | D:5      | HP: 8/66 [sleepcap (1)]
  5345 | D:5      | HP: 3/66 [sleepcap (6)]
  5346 | D:5      | Slain by a sleepcap

Illustrated notes

Levels and vault maps discovered:
D:1:      amcnicky_arrival_wind_blow, layout_loops_ring
D:2:      layout_basic, dreamdust_ecumenical_altar_statues
D:3:      layout_loops_ring, bloody_makhleb, serial_shops, shop,
          lightli_corner_chamber
D:4:      layout_loops_ring, lemuel_round_altar,
          lemuel_mausoleum_altar_kikubaaqudgha, uniq_robin
D:5:      layout_basic, minmay_temple_entry_junction_2,
          chequers_serial_rivers_room_a, minmay_circle_x, uniq_eustachio,
          uniq_menkaure

Skill      XL: |  1  2  3  4  5  6  7  8 |
---------------+-------------------------+-----
Spellcasting   | 4 5 |  5.7
Conjurations   | 4 5 |  5.7
Hexes          | 4 5 |  5.7
Summonings     | 4 5 |  5.7
Necromancy     | 4 5 |  5.7
Translocations | 4 5 |  5.7
Transmutations | 4 5 |  5.7
Fire Magic     | 4 5 |  5.7
Ice Magic      | 4 5 |  5.7
Air Magic      | 4 5 |  5.7
Earth Magic    | 4 5 |  5.7
Poison Magic   | 4 5 |  5.7
Fighting       | 1 2 3 4 5 6 |  6.4
Dodging        | |  2.1
Stealth        | |  1.5

Action                     |  1- 3 |  4- 6 |  7- 9 || total
---------------------------+-------+-------+-------++-------
  Melee: Unarmed           |     5 |       |       ||     5
         Dagger            |    16 |    27 |       ||    43
         Spear             |       |    51 |    37 ||    88
         Punch             |       |     1 |       ||     1
   Cast: Sting             |    44 |     9 |    10 ||    63
         Poisonous Vapours |    31 |    38 |     6 ||    75
         Mephitic Cloud    |     3 |     6 |     3 ||    12
         Olgreb's Toxic Ra |       |    21 |     6 ||    27
         Sandblast         |       |       |     2 ||     2
         Hailstorm         |       |       |     4 ||     4
 Invoke: Curse Item        |       |     3 |     1 ||     4
    Use: Scroll            |       |     6 |       ||     6
         Potion            |       |     1 |       ||     1
   Stab: Confused          |     1 |     1 |     1 ||     3
         Sleeping          |       |     3 |       ||     3
 Armour: Robe              |    12 |    53 |    27 ||    92
  Dodge: Dodged            |    17 |    48 |    25 ||    90

Table legend: (Time is in decaauts)
 A = Elapsed time spent in this place.
 B = Non-inter-level travel time spent in this place.
 C = Inter-level travel time spent in this place.
 D = Time resting spent in this place.
 E = Time spent auto-exploring this place.
 F = Levels seen in this place.
 G = Mean time per level.
                   A        B        C        D        E       F      G
               +--------+--------+--------+--------+--------+-----+--------+
         Total |   5355 |   5197 |    158 |    723 |   3632 |   5 | 1071.0 |
       Dungeon |   5355 |   5197 |    158 |    723 |   3632 |   5 | 1071.0 |
               +--------+--------+--------+--------+--------+-----+--------+

Top non-repeatable levels by time:
     D:2: 1548 daAuts
     D:4: 1331 daAuts
     D:1: 1132 daAuts
     D:3: 885 daAuts
     D:5: 458 daAuts
